 Dungeon Crawl Stone Soup version 0.31-a0-1236-gaa9e43cceb (webtiles) character file.

Game seed: 16778145927456829670

28472 MacCMillion the Severer (level 13, -20/113 HPs)
             Began as a Minotaur Fighter on Dec 15, 2023.
             Was a High Priest of Okawaru.
             Demolished by a frost giant
             ... wielding a +1 battleaxe of freezing
              (31 damage)
             ... in an ice cave.
             The game lasted 00:26:00 (13543 turns).

MacCMillion the Severer (Minotaur Fighter)         Turns: 13543, Time: 00:26:01

Health: -20/113    AC: 27    Str: 27    XL:     13   Next: 9%
Magic:  18/18      EV: 14    Int:  5    God:    Okawaru [*****.]
Gold:   664        SH:  5    Dex: 14    Spells: 12/12 levels left

rFire   . . .        P - +2 war axe (flame)
rCold   + . .        c - +0 buckler
rNeg    . . .        a - +9 plate armour "Zyamusid" {rF+ Regen+ Str+2}
rPois   +            (helmet restricted)
rElec   .            (no cloak)
rCorr   .            x - +1 Delatra's gloves {ID++}
SInv    .            (no boots)
Will    +....        (no amulet) Stlth
                     e - ring "Teom" {Ice rPois Will+ Dex+3}
HPRegen 1.18/turn    t - +5 ring of evasion
MPRegen 0.16/turn

%: no passive effects
@: hasted, very quick
A: horns 2, retaliatory headbutt
a: Renounce Religion, Heroism, Finesse, Duel


You were in an ice cave.
You worshipped Okawaru.
Okawaru was extremely pleased with you.
You visited 3 branches of the dungeon, and saw 13 of its levels.
You also visited: Ossuary and Ice Cave.

You collected 740 gold pieces.
You spent 76 gold pieces at shops.

Inventory:

Hand Weapons
 P - a +2 war axe of flaming (weapon)
Missiles
 i - 40 poisoned darts (quivered)
 r - 11 boomerangs
 I - 6 javelins
 O - 4 curare-tipped darts
Armour
 a - the +9 plate armour "Zyamusid" (worn) {rF+ Regen+ Str+2}
   (You acquired it on level 10 of the Dungeon)

   Str+2:     It affects your strength (+2).
   rF+:       It protects you from fire.
   Regen+:    It increases your rate of health regeneration.
 c - a +0 buckler (worn)
 x - the +1 Delatra's gloves (worn) {ID++}
   (You found it on level 4 of the Dungeon)

   ID++:      It heals its wearer when they drink unknown potions, and restores
   their MP when they read unknown scrolls.
 J - a +2 scale mail of fire resistance
 M - a +0 tower shield
 S - a +2 kite shield of cold resistance
Jewellery
 e - the ring "Teom" (left hand) {Ice rPois Will+ Dex+3}
   (You found it on level 6 of the Dungeon)

   [ring of ice]

   Ice:       It enhances your ice magic.
   Dex+3:     It affects your dexterity (+3).
   rF-:       It makes you vulnerable to fire.
   rC+:       It protects you from cold.
   rPois:     It protects you from poison Will+: It increases your willpower.
 m - a +6 ring of dexterity
 t - a +5 ring of evasion (right hand)
 E - a ring of wizardry
Wands
 n - a wand of roots (1)
 q - a wand of flame (7)
 R - a wand of paralysis (9)
Scrolls
 b - 2 scrolls of amnesia
 g - a scroll of enchant weapon
 j - a scroll of silence
 k - 2 scrolls of immolation
 l - 3 scrolls of noise {unknown}
 o - 3 scrolls of poison
 s - a scroll of brand weapon
 v - 4 scrolls of teleportation
 y - 2 scrolls of revelation {unknown}
 C - 3 scrolls of vulnerability {unknown}
 N - a scroll of torment
 Q - 2 scrolls of blinking
Potions
 d - a potion of might
 f - 3 potions of lignification
 h - 8 potions of curing
 p - a potion of haste
 u - 5 potions of mutation
 w - a potion of ambrosia
 z - 2 potions of enlightenment
 A - 3 potions of brilliance
 B - a potion of attraction
 D - 2 potions of resistance
 F - 4 potions of magic
 G - 3 potions of berserk rage
 H - 2 potions of heal wounds {unknown}
 K - 2 potions of invisibility
 L - 4 potions of degeneration {unknown}


   Skills:
 - Level 10.0 Fighting
 - Level 16.0 Axes
 + Level 9.2 Throwing
 - Level 12.6 Armour
 - Level 4.0 Dodging
 + Level 4.5 Shields
 - Level 8.0 Invocations


You had 12 spell levels left.
You didn't know any spells.
Your spell library contained the following spells:

 Spells                   Type           Power      Damage    Failure   Level
 Apportation              Tloc           0%         N/A       99%         1
 Sandblast                Erth           0%         2d4       99%         1
 Sting                    Tmut/Pois      0%         1d3       99%         1
 Jinxbite                 Hex            0%         N/A       100%        2
 Passwall                 Tmut/Erth      0%         N/A       100%        2
 Poisonous Vapours        Pois/Air       0%         N/A       100%        2
 Dazzling Flash           Conj/Hex       0%         N/A       100%        3
 Stone Arrow              Conj/Erth      0%         3d7       100%        3
 Volatile Blastmotes      Fire/Tloc      0%         2d10      100%        3
 Brom's Barrelling Bould  Conj/Erth      0%         2d3       100%        4
 Olgreb's Toxic Radiance  Pois           0%         N/A       100%        4
 Alistair's Intoxication  Tmut/Pois      0%         N/A       100%        5
 Fireball                 Conj/Fire      0%         3d3       100%        5
 Starburst                Conj/Fire      0%         6d3       100%        6
 Borgnjor's Revivificati  Necr           0%         N/A       100%        8
 Maxwell's Capacitive Co  Air            0%         ∞         100%        8
 Death's Door             Necr           0%         N/A       100%        9
 Summon Small Mammal      Summ           Unusable   N/A       N/A         1
 Call Canine Familiar     Summ           Unusable   N/A       N/A         3
 Summon Guardian Golem    Hex/Summ       Unusable   N/A       N/A         3
 Summon Ice Beast         Ice/Summ       Unusable   N/A       N/A         4
 Summon Cactus Giant      Summ           Unusable   N/A       N/A         6
 Haunt                    Necr/Summ      Unusable   N/A       N/A         7
 Malign Gateway           Summ/Tloc      Unusable   N/A       N/A         7
 Summon Horrible Things   Summ           Unusable   N/A       N/A         8

Dungeon Overview and Level Annotations

Branches:
Dungeon (11/15)            Temple (1/1) D:7            Lair (1/5) D:11
Ossuary (visited)           IceCv (1/1)
    Orc: D:9-12

Altars:
Ashenzari
Cheibriados
Dithmenos
Elyvilon
Fedhas
Gozag
Hepliaklqana
Kikubaaqudgha
Makhleb
Nemelex Xobeh
Okawaru
Qazlal
Ru
Sif Muna
Trog
Uskayaw
Vehumet
Wu Jian
Xom
Yredelemnul
Zin
The Shining One
Lugonu

Shops:
D:2 *   D:5 ?   D:10 =*:*


Innate Abilities, Weirdness & Mutations

You have a pair of horns on your head.
You reflexively headbutt those who attack you in melee.


Message History

You hit the polar bear. You burn the polar bear. You headbutt the polar bear!
The polar bear is almost dead.
The polar bear goes berserk!
You slash the polar bear! You burn the polar bear.
You kill the polar bear!
Okawaru accepts your kill.
You completely miss the yak. Your headbutt misses the yak. The yak gores you.
You slash the yak! You burn the yak.
The yak is moderately wounded.
The yak misses you.
You slash the yak! You burn the yak.
The yak is severely wounded.
You hit the frost giant but do no damage.
You slash the frost giant! You burn the frost giant.
You headbutt the frost giant.
The frost giant is moderately wounded.
You hit the frost giant. You burn the frost giant.
You headbutt the frost giant, but do no damage.
The frost giant is moderately wounded.
The frost giant hits you with a +1 battleaxe of freezing!!
The frost giant freezes you.
You hit the frost giant. You burn the frost giant.
The frost giant is moderately wounded.
You hit the frost giant but do no damage.
You headbutt the frost giant!
The frost giant is heavily wounded.
The frost giant hits you with a +1 battleaxe of freezing!!
The frost giant freezes you.
Okay, then.
You hit the frost giant. You burn the frost giant.
The frost giant is heavily wounded.
The yak snorts and paws the ground.
The frost giant hits you with a +1 battleaxe of freezing!!
* * * LOW HITPOINT WARNING * * *
The frost giant freezes you!
* * * LOW HITPOINT WARNING * * *
Okay, then.
You feel yourself speed up.
The frost giant hits you with a +1 battleaxe of freezing!!
You die...

#### .[.# ##########
...#########...##ChY#
.....#..#...##..@##.kh#
###....#..########
#Yh..# #~~.#####..#
#..... ~~#~..##..##
#.... ≈~~##...### ..##
##.☼##### ## ..§...
....§.☼. #..§§§§§§


You could see a frost giant, a polar bear and a yak.

Vanquished Creatures
  Snorg (D:10)
  A boulder beetle (D:11)
  A two-headed ogre (D:11)
  A death yak (IceCv)
  Sonja (D:11)
  4 skeletal warriors
  Pikel (D:4)
  An ugly thing (IceCv)
  A black mamba (Lair:1)
  An ice statue (IceCv)
  3 cane toads (Lair:1)
  4 unseen horrors
  4 komodo dragons
  3 rime drakes (Lair:1)
  3 trolls
  7 polar bears
  2 vampires
  48 yaks
  A shadow (D:10)
  2 wyverns (D:11)
  2 wraiths
  2 basilisks
  A steam dragon (D:11)
  Menkaure (D:4)
  Edmund (D:3)
  An acid dragon (D:11)
  4 water moccasins
  2 sky beasts
  2 orc warriors
  A black bear (D:4)
  23 wolves
  5 centaurs
  2 lemures (D:4)
  2 phantoms (D:10)
  Blork the orc (D:4)
  2 kobold brigands
  8 bullfrogs
  5 scorpions
  4 water moccasin zombies (Ossuary)
  9 wights
  2 jellies (D:6)
  21 killer bees
  8 howler monkeys
  6 hounds
  A gnoll bouda (D:4)
  4 orc priests
  2 sleepcaps
  10 orc wizards
  Natasha (thrice) (D:2)
  2 crocodile zombies (Ossuary)
  2 mummies (Ossuary)
  Robin (D:2)
  10 adders
  5 gnolls (D:5)
  3 shadow imps
  3 white imps
  2 ufetubi (D:4)
  6 adder zombies (Ossuary)
  A worm (D:3)
  30 orcs
  19 bats
  11 endoplasms
  2 giant cockroaches
  7 goblins
  9 hobgoblins
  4 quokkas
  8 ball pythons
  4 frilled lizards
  4 gnoll zombies (Ossuary)
  4 hobgoblin zombies (Ossuary)
  19 kobolds
  10 kobold zombies (Ossuary)
  5 orc zombies (Ossuary)
  4 rats
400 creatures vanquished.

Notes
Turn   | Place    | Note
-------+----------+-------------------------------------------
     0 | D:1      | MacCMillion the Minotaur Fighter began the quest for the
                  | Orb.
     0 | D:1      | Reached XP level 1. HP: 19/19 MP: 0/0
   164 | D:1      | Reached skill level 3 in Axes
   164 | D:1      | Reached XP level 2. HP: 26/26 MP: 1/1
   539 | D:2      | Noticed Natasha
   551 | D:2      | Killed Natasha
   552 | D:2      | Reached skill level 4 in Axes
   552 | D:2      | Reached XP level 3. HP: 11/31 MP: 2/2
   636 | D:2      | Noticed Natasha
   642 | D:2      | Killed Natasha
   643 | D:2      | Reached skill level 5 in Axes
   643 | D:2      | Reached XP level 4. HP: 30/39 MP: 3/3
   697 | D:2      | Found Cobier's Assorted Antiques.
   969 | D:2      | Noticed Natasha
   979 | D:2      | Killed Natasha
  1221 | D:2      | Reached skill level 6 in Axes
  1291 | D:2      | Noticed Robin
  1359 | D:2      | Killed Robin
  1360 | D:2      | Reached XP level 5. HP: 30/45 MP: 4/4
  1849 | D:3      | Got the Incunabulum of Lethal Generation
  2186 | D:3      | Found a shimmering altar of Xom.
  2189 | D:3      | Found a bloodstained altar of Trog.
  2192 | D:3      | Found an ornate altar of the Wu Jian Council.
  2195 | D:3      | Found a broken altar of Ashenzari.
  2390 | D:4      | Reached skill level 1 in Dodging
  2464 | D:4      | Reached skill level 7 in Axes
  2464 | D:4      | Reached XP level 6. HP: 43/51 MP: 5/5
  2479 | D:4      | Noticed an orc warrior
  2497 | D:4      | Killed an orc warrior
  2510 | D:4      | Found the +1 Delatra's gloves {ID++}
  2520 | D:4      | Reached skill level 8 in Axes
  2593 | D:4      | Found a sand-covered staircase.
  2603 | Ossuary  | Entered an ossuary
  2692 | Ossuary  | Reached XP level 7. HP: 51/57 MP: 6/6
  2759 | Ossuary  | Reached skill level 9 in Axes
  2880 | D:4      | Noticed Pikel
  2916 | D:4      | Killed Pikel
  2917 | D:4      | Reached skill level 10 in Axes
  2917 | D:4      | Reached XP level 8. HP: 46/67 MP: 7/7
  3014 | D:4      | Found a shadowy altar of Dithmenos.
  3155 | D:4      | Noticed Menkaure
  3156 | D:4      | Noticed Blork the orc
  3494 | D:4      | Killed Blork the orc
  3495 | D:4      | Killed Menkaure
  3496 | D:4      | Reached skill level 5 in Fighting
  3496 | D:4      | Reached skill level 5 in Armour
  3632 | D:4      | Noticed Edmund
  3655 | D:3      | Killed Edmund
  3934 | D:4      | Found a sacrificial altar of Ru.
  3984 | D:5      | Entered Level 5 of the Dungeon
  4043 | D:5      | Reached skill level 11 in Axes
  4084 | D:5      | Identified the +2 great sword "Duomnud" {heavy, Int+3 SInv}
  4369 | D:5      | Reached XP level 9. HP: 75/75 MP: 8/8
  4497 | D:5      | Found a basalt altar of Yredelemnul.
  4512 | D:5      | Found Sisameta's Magic Scroll Emporium.
  4546 | D:5      | Bought a scroll of identify for 26 gold pieces
  4634 | D:5      | Found the +11 Singing Sword {sonic wave}
  4788 | D:6      | Identified the ring "Teom" {Ice rPois Will+ Dex+3}
  5977 | D:7      | Reached skill level 12 in Axes
  6118 | D:7      | Found a snail-covered altar of Cheibriados.
  6434 | D:7      | Found a staircase to the Ecumenical Temple.
  6452 | Temple   | Entered the Ecumenical Temple
  6472 | Temple   | Became a worshipper of Warmaster Okawaru
  6589 | D:7      | Found a blossoming altar of Fedhas.
  6692 | D:7      | Found a white marble altar of Elyvilon.
  6692 | D:7      | Found a glowing golden altar of the Shining One.
  6692 | D:7      | Found a glowing silver altar of Zin.
  7002 | D:8      | Reached XP level 10. HP: 80/90 MP: 9/9
  7084 | D:8      | Reached skill level 1 in Invocations
  7755 | D:9      | Reached * piety under Okawaru
  8227 | D:9      | Found a hazy altar of Hepliaklqana.
  8559 | D:10     | Entered Level 10 of the Dungeon
  8571 | D:9      | Reached skill level 13 in Axes
  8927 | D:9      | Found a hazy altar of Hepliaklqana.
  9381 | D:10     | Noticed Snorg
  9381 | D:10     | Found Kodiclio's Book Shop.
  9389 | D:10     | Killed Snorg
  9447 | D:10     | Reached skill level 10 in Armour
  9448 | D:10     | Reached skill level 10 in Fighting
  9543 | D:10     | Reached ** piety under Okawaru
  9657 | D:10     | Reached XP level 11. HP: 78/99 MP: 13/13
  9874 | D:10     | Reached skill level 14 in Axes
  9949 | D:10     | Reached skill level 5 in Invocations
  9951 | D:10     | Reached *** piety under Okawaru
 10006 | D:10     | Found Pum Osei's Jewellery Shoppe.
 10071 | D:10     | Found Kass's Assorted Antiques.
 10191 | D:10     | Found Ibri's Assorted Antiques.
 10196 | D:10     | Bought a scroll of identify for 50 gold pieces
 10198 | D:10     | Identified a scroll of acquirement
 10200 | D:10     | Acquired the +9 plate armour "Zyamusid" {rF+ Regen+ Str+2}
 10459 | D:10     | Noticed a skeletal warrior
 10461 | D:10     | Noticed a skeletal warrior
 10533 | D:9      | Killed a skeletal warrior
 10549 | D:10     | Killed a skeletal warrior
 10627 | D:10     | Noticed a skeletal warrior
 10678 | D:10     | Killed a skeletal warrior
 10726 | D:10     | Noticed a skeletal warrior
 10754 | D:10     | Killed a skeletal warrior
 10928 | D:11     | Reached skill level 15 in Axes
 11259 | D:10     | Reached **** piety under Okawaru
 11719 | D:11     | Noticed Sonja
 11744 | D:11     | Killed Sonja
 11851 | D:11     | Noticed a two-headed ogre
 11885 | D:11     | Killed a two-headed ogre
 11886 | D:11     | Reached skill level 1 in Throwing
 12154 | D:11     | Noticed a boulder beetle
 12178 | D:11     | Killed a boulder beetle
 12178 | D:11     | Reached ***** piety under Okawaru
 12179 | D:11     | Reached skill level 16 in Axes
 12179 | D:11     | Reached XP level 12. HP: 106/106 MP: 17/17
 12357 | D:11     | Found a staircase to the Lair.
 12501 | Lair:1   | Entered Level 1 of the Lair of Beasts
 12515 | Lair:1   | Reached skill level 5 in Throwing
 12621 | Lair:1   | Received a gift from Okawaru
 12887 | Lair:1   | Found a frozen archway.
 12903 | IceCv    | Entered an ice cave
 12927 | IceCv    | Received a gift from Okawaru
 13204 | IceCv    | Received a gift from Okawaru
 13241 | IceCv    | Reached XP level 13. HP: 109/113 MP: 18/18
 13505 | IceCv    | Noticed a frost giant
 13543 | IceCv    | Demolished by a frost giant

Illustrated notes

Levels and vault maps discovered:
D:1:      ebering_hopf_link, layout_rooms, hex_medium
D:2:      layout_basic, serial_shops, nicolae_shop_tiny_glass, uniq_robin,
          uniq_natasha
D:3:      layout_rooms, grunt_temple_overflow_cloverleaf
D:4:      layout_loops_ring, grunt_dithmenos_smoke,
          mainiacjoe_overflow_alcove_4, nicolae_ossuary_entry_monument,
          pf_guarded_unrand_delatra, uniq_edmund, uniq_pikel,
          uniq_blork_the_orc, uniq_menkaure
D:5:      old_forge, layout_rooms, mainiacjoe_overflow_surrounded_room,
          serial_shops, shop
D:6:      layout_loops_corners
D:7:      layout_loops_ring, good_gods_mini_temple, lemuel_doored_altar,
          fedhas_altar_2, minmay_temple_entry_statues_fountains
D:8:      layout_gridville
D:9:      layout_irregular_city, mainiacjoe_overflow_cross_hatched,
          moated_statue
D:10:     layout_long_grid, serial_shops, shop, shop, nicolae_take_the_stairs,
          nicolae_stop_n_shop_1, evilmike_minifort, uniq_snorg
D:11:     layout_irregular_city, erik_lair_dragon, hangedman_batty, uniq_sonja
Temple:   kb_corrupted_temple
Lair:1:   layout_chaotic_city, portal_ice_cave_rime
IceCv:    ice_cave_caverns_03

Skill      XL: |  1  2  3  4  5  6  7  8  9 10 11 12 13 |
---------------+----------------------------------------+-----
Axes           | 3 4 5 6 7 8 10 11 12 13 16 | 16.0
Shields        | 4 |  4.5
Dodging        | 2 3 4 |  4.0
Fighting       | 4 6 8 10 | 10.0
Armour         | 4 6 8 10 12 | 12.6
Invocations    | 4 8 |  8.0
Throwing       | 2 8 9 |  9.2

Action                     |  1- 3 |  4- 6 |  7- 9 | 10-12 | 13-15 || total
---------------------------+-------+-------+-------+-------+-------++-------
  Melee: War axe           |    47 |   153 |   339 |   598 |    54 ||  1191
         Headbutt          |     5 |    24 |    65 |   134 |    14 ||   242
  Throw: Dart              |       |       |       |    18 |       ||    18
 Invoke: Heroism           |       |       |       |     4 |       ||     4
    Use: Scroll            |       |       |    14 |     8 |       ||    22
         Potion            |       |       |       |     2 |     1 ||     3
 Armour: Scale mail        |    35 |    51 |    54 |    52 |       ||   192
         Chain mail        |       |    39 |   128 |       |       ||   167
         Plate armour      |       |       |       |   447 |    27 ||   474
  Dodge: Dodged            |    27 |    69 |   221 |   319 |    21 ||   657
  Block: Buckler           |     4 |    29 |    68 |   147 |     5 ||   253

Table legend: (Time is in decaauts)
 A = Elapsed time spent in this place.
 B = Non-inter-level travel time spent in this place.
 C = Inter-level travel time spent in this place.
 D = Time resting spent in this place.
 E = Time spent auto-exploring this place.
 F = Levels seen in this place.
 G = Mean time per level.
                   A        B        C        D        E       F      G
               +--------+--------+--------+--------+--------+-----+--------+
         Total |  13444 |  12932 |    512 |   2356 |   7520 |  15 |  896.3 |
       Dungeon |  12166 |  11668 |    498 |   2132 |   7065 |  11 | 1106.0 |
        Temple |     37 |     23 |     14 |      0 |      0 |   1 |   37.0 |
          Lair |    365 |    365 |      0 |      5 |    138 |   1 |  365.0 |
       Ossuary |    267 |    267 |      0 |     11 |    109 |   1 |  267.0 |
      Ice Cave |    608 |    608 |      0 |    208 |    208 |   1 |  608.0 |
               +--------+--------+--------+--------+--------+-----+--------+

Top non-repeatable levels by time:
    D:10: 1806 daAuts
     D:9: 1622 daAuts
    D:11: 1243 daAuts
     D:2: 1225 daAuts
     D:4: 1186 daAuts
     D:6: 1066 daAuts
     D:7: 940 daAuts
     D:3: 877 daAuts
     D:5: 836 daAuts
     D:8: 791 daAuts
   IceCv: 608 daAuts
     D:1: 570 daAuts
  Lair:1: 365 daAuts
 Ossuary: 267 daAuts
  Temple: 37 daAuts
